[Event "Titled Tuesday Blitz May 9 Late 2023"]
[White "Smith, Garrett L"]
[Black "Arabidze, Meri"]
[WhiteFideId "2024829"]
[BlackFideId "13604040"]
[WhiteElo "2243"]
[BlackElo "2405"]
[Result "0-1"]
[Round "02"]
[TimeControl "180+2"]
[Date "2023.05.09"]
[WhiteClock "0:00:04"]
[BlackClock "0:00:01"]

1. e4 c5 2. a3 e6 3. b4 cxb4 4. axb4 Bxb4 5. Bb2 Nf6 6. e5 Nd5 7. c4 Ne7 8. Qg4 Nf5 9. Nf3 Nc6 10. Nc3 h5 11. Qf4 Be7 12. Ne4 Nb4 13. Rc1 a5 14. h4 a4 15. Nfg5 a3 16. Ba1 b6 17. Nd6+ Bxd6 18. exd6 f6 19. Ne4 Bb7 20. Rh3 Ra5 21. Rb3 Na6 22. d4 O-O 23. Bd3 Ra4 24. d5 Ba8 25. Nc3 Nc5 26. Nxa4 Nxb3 27. Rb1 Nc5 28. Nxc5 bxc5 29. Bxf5 exf5 30. Qxf5 Re8+ 31. Kf1 a2 32. Rc1 Qb8 33. Qxh5 Re4 34. Bxf6 Rxc4 35. Re1 Re4 36. Rxe4 Qb1+ 37. Re1 Qd3+ 38. Kg1 gxf6 39. Qe8+ Kg7 40. Qf8+ Kxf8 0-1


[Site "https://www.chess.com"]

[Event "Titled Tuesday Blitz May 9 Late 2023"]
[White "Kucuksari, Kaan"]
[Black "Gatterer, Florian"]
[WhiteFideId "6380166"]
[BlackFideId "811688"]
[WhiteElo "2364"]
[BlackElo "2221"]
[Result "1-0"]
[Round "02"]
[TimeControl "180+2"]
[Date "2023.05.09"]
[WhiteClock "0:00:08"]
[BlackClock "0:00:00"]

1. e4 c5 2. Nf3 e6 3. d4 cxd4 4. Nxd4 Nf6 5. Nc3 Nc6 6. Be3 Bb4 7. Qd3 d5 8. exd5 Nxd5 9. Nxc6 bxc6 10. Bd2 O-O 11. Nxd5 Bxd2+ 12. Qxd2 cxd5 13. Be2 a5 14. O-O Ba6 15. Bxa6 Rxa6 16. Rac1 Qc7 17. c3 a4 18. Rfe1 Rc8 19. h4 Rb6 20. g3 Qb7 21. Re2 Rb8 22. Rc2 Rc8 23. c4 Rbc6 24. Qa5 Ra8 25. Qb5 Rb6 26. Qc5 Rc8 27. Qa3 Rxc4 28. Rxc4 dxc4 29. Qxa4 h6 30. Qxc4 Rxb2 31. Rxb2 Qxb2 32. a4 Qa1+ 33. Kg2 Kh7 34. Qe4+ g6 35. h5 Kg7 36. hxg6 fxg6 37. Qb7+ Kf6 38. Qb4 Qa2 39. Qf8+ Ke5 40. Qf4+ Kd5 41. Qxh6 Qxa4 42. Qxg6 Qc6 43. Qg4 Kd6+ 44. Qf3 Qc5 45. Qf4+ Ke7 46. Qh4+ Kd7 47. Qf6 Qd5+ 48. Qf3 Qe5 49. Qd3+ Ke7 50. Qa3+ Kf7 51. Qa7+ Kf6 52. Qb7 Qf5 53. Qa8 Kg6 54. Qe8+ Kh6 55. Qh8+ Kg6 56. Qh4 Qd5+ 57. Kh2 Qf5 58. Qd4 Kf7 59. Qe3 e5 60. Kg2 Ke6 61. Qb6+ Ke7 62. Qb7+ Ke6 63. Qc8+ Kf6 64. Qxf5+ Kxf5 65. Kf3 e4+ 66. Ke3 Ke5 67. g4 Kd5 68. Kf4 Kd4 69. g5 e3 70. fxe3+ Kd3 71. e4 Ke2 72. g6 1-0


[Site "https://www.chess.com"]

[Event "Titled Tuesday Blitz May 9 Late 2023"]
[White "Jaracz, Pawel"]
[Black "Palacio,Igor Da Paz"]
[WhiteFideId "1102222"]
[BlackFideId "2121140"]
[WhiteElo "2438"]
[BlackElo "2126"]
[Result "1-0"]
[Round "02"]
[TimeControl "180+2"]
[Date "2023.05.09"]
[WhiteClock "0:01:42"]
[BlackClock "0:00:00"]

1. e4 d6 2. Nc3 Nf6 3. f4 c5 4. Nf3 Nc6 5. Bb5 Bd7 6. Bxc6 Bxc6 7. d3 e6 8. O-O Be7 9. Qe1 Qc7 10. Qg3 g6 11. a4 a6 12. a5 h5 13. h3 O-O-O 14. Ng5 Rdf8 15. Bd2 h4 16. Qf2 d5 17. Na4 dxe4 18. Nxc5 Bxc5 19. Qxc5 exd3 20. Bc3 Nd7 21. Qa7 Rh5 22. cxd3 Bd5 23. Rf2 Qb8 24. Qd4 Qc7 25. Rc1 Kb8 26. Bd2 Qd6 27. Bb4 1-0


[Site "https://www.chess.com"]

[Event "Titled Tuesday Blitz May 9 Late 2023"]
[White "Djordjevic, Dejan N"]
[Black "Wieczorek, Oskar"]
[WhiteFideId "913316"]
[BlackFideId "1133950"]
[WhiteElo "2261"]
[BlackElo "2418"]
[Result "0-1"]
[Round "02"]
[TimeControl "180+2"]
[Date "2023.05.09"]
[WhiteClock "0:01:13"]
[BlackClock "0:00:32"]

1. e4 c5 2. Nc3 e6 3. g3 Nc6 4. Bg2 g6 5. Nge2 Bg7 6. O-O d6 7. h3 Nge7 8. d3 O-O 9. Be3 Nd4 10. f4 Rb8 11. Qd2 b6 12. Rae1 f5 13. Nd1 Bb7 14. Kh2 Qd7 15. Ng1 Rbd8 16. c3 Ndc6 17. Bf2 Kh8 18. Ne3 fxe4 19. dxe4 Ba6 20. Ne2 d5 21. exd5 exd5 22. Rg1 d4 23. cxd4 cxd4 24. Nd1 Nd5 25. Nc1 d3 26. Re4 Nf6 27. Ree1 Nd4 28. Nc3 Bb7 29. Bxd4 Bxg2 30. Bxf6 Qxh3# 0-1


[Site "https://www.chess.com"]

[Event "Titled Tuesday Blitz May 9 Late 2023"]
[White "Schnaider, Ilan"]
[Black "Burke, Paul"]
[WhiteFideId "169013"]
[BlackFideId "2605767"]
[WhiteElo "2224"]
[BlackElo "1916"]
[Result "1-0"]
[Round "02"]
[TimeControl "180+2"]
[Date "2023.05.09"]
[WhiteClock "0:01:37"]
[BlackClock "0:00:53"]

1. e4 e5 2. Nf3 Nc6 3. Bc4 Be7 4. O-O Nf6 5. d4 exd4 6. e5 Ne4 7. c3 d5 8. Bb5 O-O 9. cxd4 Bg4 10. Be3 f5 11. Nc3 f4 12. Bc1 Bxf3 13. gxf3 Ng5 14. Kh1 Qd7 15. Ne2 Nxf3 16. Nxf4 Ncxd4 17. Bxd7 1-0


[Site "https://www.chess.com"]

[Event "Titled Tuesday Blitz May 9 Late 2023"]
[White "Bluebaum, Matthias"]
[Black "Seletsky, Grigory"]
[WhiteFideId "24651516"]
[BlackFideId "14112191"]
[WhiteElo "2639"]
[BlackElo "2491"]
[Result "1-0"]
[Round "02"]
[TimeControl "180+2"]
[Date "2023.05.09"]
[WhiteClock "0:00:19"]
[BlackClock "0:00:04"]

1. d4 d6 2. Nf3 Nd7 3. c4 e5 4. Nc3 Ngf6 5. Bg5 Be7 6. e3 Ng8 7. Bxe7 Nxe7 8. Qc2 exd4 9. exd4 O-O 10. Bd3 Nf6 11. h3 Re8 12. O-O-O Ng6 13. Rhe1 Bd7 14. Qd2 Rxe1 15. Rxe1 Qf8 16. g4 Re8 17. Rg1 c6 18. Bf5 Qe7 19. h4 Nf8 20. Bxd7 Qxd7 21. h5 Ne4 22. Qc2 Nxc3 23. bxc3 Qe6 24. Qd3 Qf6 25. g5 Qf4+ 26. Kd1 Re7 27. Rg3 Re8 28. Rg2 Re7 29. Nd2 Qh4 30. Qf3 Ne6 31. g6 Ng5 32. gxh7+ Kh8 33. Qg4 Qxg4+ 34. Rxg4 Nxh7 35. Rf4 Ng5 36. Rf5 f6 37. h6 Kh7 38. hxg7 Kxg7 39. Rf4 Kg6 40. Rg4 Rh7 41. Kc2 Kf5 42. Rg2 Rh3 43. Nf1 Rf3 44. Ne3+ Ke6 45. Kd3 Rf4 46. Rh2 Kf7 47. Ke2 Kg7 48. Rh1 Re4 49. f3 Rf4 50. Rf1 f5 51. Ng2 Ne6 52. Ke3 1-0


[Site "https://www.chess.com"]

[Event "Titled Tuesday Blitz May 9 Late 2023"]
[White "Urbina Perez, Juan Antonio"]
[Black "Rasulov, Vugar"]
[WhiteFideId "2217368"]
[BlackFideId "13402390"]
[WhiteElo "2197"]
[BlackElo "2509"]
[Result "0-1"]
[Round "02"]
[TimeControl "180+2"]
[Date "2023.05.09"]
[WhiteClock "0:00:07"]
[BlackClock "0:01:55"]

1. e4 c5 2. Nf3 Nc6 3. Bb5 d6 4. d4 cxd4 5. Qxd4 Bd7 6. Bxc6 Bxc6 7. Nc3 Nf6 8. Bg5 e6 9. O-O-O Be7 10. Rhe1 O-O 11. Bxf6 Bxf6 12. Qxd6 Qb6 13. e5 Rad8 14. Qa3 Bxf3 15. gxf3 Bg5+ 16. Kb1 Bf4 17. Qa4 Bd2 18. Ne4 Bxe1 19. Rxe1 Rd4 20. Qb3 Rfd8 21. Kc1 Qa5 22. c3 Rd3 23. Nd6 Qc7 24. Qxb7 Qxb7 25. Nxb7 Rb8 26. Nd6 Rxf3 27. Re2 h5 28. Nc4 Rh3 29. f4 Rf3 30. Re4 Rf1+ 31. Kc2 Rf2+ 32. Kc1 Rxh2 33. a4 h4 34. Nd6 h3 35. f5 Rg2 36. fxe6 fxe6 37. Rh4 h2 38. Rh8+ 0-1


[Site "https://www.chess.com"]

[Event "Titled Tuesday Blitz May 9 Late 2023"]
[White "Plotnikov, Pavel"]
[Black "mjelcic"]
[WhiteFideId "4170342"]
[WhiteElo "2298"]
[BlackElo "2216"]
[Result "0-1"]
[Round "02"]
[TimeControl "180+2"]
[Date "2023.05.09"]
[WhiteClock "0:00:46"]
[BlackClock "0:00:39"]

1. e4 g6 2. d4 Bg7 3. Nc3 d6 4. Be2 a6 5. h4 h5 6. a4 Nd7 7. Bg5 Ngf6 8. f4 c5 9. e5 cxd4 10. exf6 exf6 11. Qxd4 O-O 12. Qxd6 fxg5 13. hxg5 Qa5 14. Ra3 Nc5 15. Bxh5 Ne4 16. Qd3 Nxc3 17. bxc3 gxh5 18. Rxh5 Bf5 19. Qg3 Rfe8+ 20. Kf1 Rad8 21. Nf3 Rd1+ 22. Kf2 Qc5+ 23. Nd4 Qxa3 24. Nxf5 Qc5+ 25. Nd4 Bxd4+ 26. cxd4 Qxd4+ 27. Kf3 Re3+ 28. Kg4 Qd7+ 29. Kh4 Rh1+ 0-1


[Site "https://www.chess.com"]

[Event "Titled Tuesday Blitz May 9 Late 2023"]
[White "Brueckner, Thomas"]
[Black "Amburgy, Ryan"]
[WhiteFideId "4600452"]
[BlackFideId "30924820"]
[WhiteElo "2322"]
[BlackElo "2134"]
[Result "0-1"]
[Round "02"]
[TimeControl "180+2"]
[Date "2023.05.09"]
[WhiteClock "0:00:01"]
[BlackClock "0:01:01"]

1. Nf3 d5 2. g3 Nf6 3. Bg2 g6 4. b3 Bg7 5. Bb2 O-O 6. c4 c6 7. O-O Nbd7 8. d4 Ne4 9. Nc3 Ndf6 10. Ne5 Nxc3 11. Bxc3 Ne4 12. Bb2 Be6 13. Rc1 Qa5 14. a3 Qd2 15. Bxe4 Qxb2 16. cxd5 cxd5 17. Nd3 Qxd4 18. Bg2 Rac8 19. Rxc8 Rxc8 20. e3 Qb6 21. Nf4 Rd8 22. Nxe6 Qxe6 23. Qd2 b6 24. Rc1 h5 25. h4 d4 26. exd4 Rxd4 27. Qc2 Qd6 28. a4 Rd2 29. Qc8+ Kh7 30. Rf1 Bd4 31. Qc4 Kg7 32. Kh1 Bxf2 33. Qc6 Qxc6 34. Bxc6 Bxg3 0-1


[Site "https://www.chess.com"]

[Event "Titled Tuesday Blitz May 9 Late 2023"]
[White "Omranalhosani21"]
[Black "Marcziter, Dmitrii"]
[BlackFideId "13900765"]
[WhiteElo "2607"]
[BlackElo "2162"]
[Result "1-0"]
[Round "02"]
[TimeControl "180+2"]
[Date "2023.05.09"]
[WhiteClock "0:00:03"]
[BlackClock "0:00:00"]

1. e4 c5 2. Nf3 a6 3. Bd3 b5 4. c3 c4 5. Bc2 Bb7 6. O-O Nc6 7. Re1 e6 8. a4 Bc5 9. b4 Bb6 10. Na3 Na7 11. d4 cxd3 12. Bxd3 Nf6 13. Bg5 h6 14. Bh4 g5 15. Bg3 O-O 16. h4 g4 17. Nh2 h5 18. Bd6 Re8 19. Qd2 Nh7 20. Qf4 Qf6 21. a5 Bd8 22. c4 Bc6 23. cxb5 Nxb5 24. Nxb5 Bxb5 25. Bxb5 axb5 26. Rac1 Qxf4 27. Bxf4 Be7 28. Bd2 Bxh4 29. Rc7 Red8 30. g3 Be7 31. Nf1 Bd6 32. Rb7 Rab8 33. Rxb8 Rxb8 34. Rc1 Nf6 35. Re1 Be5 36. Ne3 d6 37. Ng2 Rc8 38. Nf4 Rc2 39. Bc1 Ra2 40. Nd3 Bd4 41. Be3 Bxe3 42. Rxe3 Nd7 43. e5 dxe5 44. Nxe5 Nf6 45. Rc3 1-0


[Site "https://www.chess.com"]

[Event "Titled Tuesday Blitz May 9 Late 2023"]
[White "lluiss"]
[Black "brm72"]
[WhiteElo "2289"]
[BlackElo "2555"]
[Result "1/2-1/2"]
[Round "02"]
[TimeControl "180+2"]
[Date "2023.05.09"]
[WhiteClock "0:00:08"]
[BlackClock "0:00:12"]

1. Nf3 c5 2. c4 Nc6 3. Nc3 g6 4. e3 Nf6 5. d4 cxd4 6. exd4 d5 7. cxd5 Nxd5 8. Qb3 Nxc3 9. bxc3 Bg7 10. Be2 O-O 11. O-O Na5 12. Qc2 Bf5 13. Qd2 Rc8 14. Nh4 Be6 15. Ba3 Re8 16. Rfe1 Nc4 17. Bxc4 Bxc4 18. Nf3 e6 19. Ne5 Bd5 20. Bc5 b6 21. Ba3 Qc7 22. Rac1 Qb7 23. f3 Bc4 24. Nxc4 Rxc4 25. d5 Rd8 26. Qe2 Rxc3 27. Rxc3 Bxc3 28. Rc1 Bd4+ 29. Kh1 Rxd5 30. Qc4 Kg7 31. Qc2 b5 32. h3 b4 33. Bb2 e5 34. f4 exf4 35. Bxd4+ Rxd4 36. Qb2 f3 37. Qxd4+ f6 38. Qf2 fxg2+ 39. Qxg2 Qa6 40. Rf1 Qb5 41. Qf3 Qb6 42. Rf2 a5 43. Kg2 h5 44. Re2 Qc5 45. Rf2 Qb6 46. Qe4 Qc5 47. Qb7+ Kh6 48. Qe4 Qg5+ 49. Kf1 Qc1+ 50. Kg2 Qg5+ 51. Kh2 h4 52. Qf4 f5 53. Qxg5+ Kxg5 54. Rd2 Kf4 55. Rd5 a4 56. Rb5 b3 57. axb3 axb3 58. Rxb3 g5 59. Rb4+ Ke5 60. Rb5+ Kf6 61. Kg2 Kg6 62. Rc5 Kf6 63. Ra5 Ke6 64. Ra6+ Ke5 65. Ra5+ Kf4 66. Ra6 g4 67. Ra4+ Kg5 68. hxg4 fxg4 69. Ra5+ Kf4 70. Ra4+ Kg5 71. Kh2 Kf5 72. Kg2 Kg5 1/2-1/2


[Site "https://www.chess.com"]

[Event "Titled Tuesday Blitz May 9 Late 2023"]
[White "Tologon tegin, Semetei"]
[Black "Horokoskii"]
[WhiteFideId "13800574"]
[WhiteElo "2247"]
[BlackElo "2094"]
[Result "1-0"]
[Round "02"]
[TimeControl "180+2"]
[Date "2023.05.09"]
[WhiteClock "0:01:41"]
[BlackClock "0:00:52"]

1. Nf3 Nf6 2. e3 g6 3. b4 Bg7 4. Bb2 O-O 5. c4 a5 6. b5 d5 7. d4 dxc4 8. Bxc4 a4 9. a3 Bg4 10. h3 Bxf3 11. Qxf3 c6 12. O-O Qb6 13. Nc3 c5 14. Rfd1 Nbd7 15. Ne4 Nxe4 16. Qxe4 cxd4 17. Bxd4 Bxd4 18. Rxd4 Nc5 19. Qxe7 Nb3 20. Rf4 Nxa1 21. Bxf7+ Rxf7 22. Rxf7 1-0


[Site "https://www.chess.com"]

[Event "Titled Tuesday Blitz May 9 Late 2023"]
[White "Ozates, Tuna"]
[Black "Van Baar, Esper"]
[WhiteFideId "6354521"]
[BlackFideId "1049321"]
[WhiteElo "2151"]
[BlackElo "2177"]
[Result "1-0"]
[Round "02"]
[TimeControl "180+2"]
[Date "2023.05.09"]
[WhiteClock "0:00:17"]
[BlackClock "0:00:00"]

1. e4 c5 2. Nf3 d6 3. Bb5+ Bd7 4. Bxd7+ Qxd7 5. O-O Nc6 6. Qe2 Nf6 7. Rd1 g5 8. e5 dxe5 9. Nxe5 Qe6 10. Re1 Nxe5 11. Qxe5 Qxe5 12. Rxe5 e6 13. Rxg5 O-O-O 14. Re5 h5 15. d3 Bd6 16. Re1 Rhg8 17. h3 Rg6 18. Nc3 Rdg8 19. g3 h4 20. g4 Nxg4 21. hxg4 Rxg4+ 22. Kh1 Rg2 23. f4 h3 24. Be3 Rxc2 25. Rac1 Rgg2 26. Rxc2 Rxc2 27. Rc1 Rg2 28. Ne4 Be7 29. Bxc5 Bh4 30. Be7+ 1-0


[Site "https://www.chess.com"]

[Event "Titled Tuesday Blitz May 9 Late 2023"]
[White "Haszon, David"]
[Black "Demchenko, Anton"]
[WhiteFideId "733610"]
[BlackFideId "4160258"]
[WhiteElo "2210"]
[BlackElo "2545"]
[Result "1/2-1/2"]
[Round "02"]
[TimeControl "180+2"]
[Date "2023.05.09"]
[WhiteClock "0:00:09"]
[BlackClock "0:00:13"]

1. d4 d5 2. Bf4 Nf6 3. e3 e6 4. Nf3 c5 5. Nbd2 Nc6 6. c3 Nh5 7. Bg5 f6 8. Bh4 g6 9. Be2 Be7 10. dxc5 Bxc5 11. b4 Be7 12. b5 Na5 13. c4 Ng7 14. cxd5 exd5 15. Nd4 Nf5 16. Nxf5 Bxf5 17. O-O O-O 18. Nb3 Nc4 19. Nd4 Bc8 20. a4 Bc5 21. Rc1 Qe7 22. Bg3 Rd8 23. Bxc4 dxc4 24. Rxc4 Kh8 25. Qc1 Bxd4 26. exd4 Be6 27. Rc7 Rd7 28. Re1 Rxc7 29. Qxc7 Qxc7 30. Bxc7 Re8 31. a5 a6 32. b6 Kg8 33. d5 Bd7 34. Rxe8+ Bxe8 35. f3 Kf7 36. Kf2 Bb5 37. Ke3 Bf1 38. g3 Ke7 39. f4 Kd7 40. Kd4 Bg2 41. h4 h5 42. Kc5 Bf3 43. Bd6 Bg2 44. Bf8 f5 45. Bg7 Bf3 46. Bf8 Bg2 47. Kd4 Bf3 48. Ke5 Bg2 49. Kf6 Bf3 50. Kxg6 Bg4 51. Kf6 Bh3 52. Kg6 Bg4 53. Kg5 Kd8 54. Bc5 Kd7 55. Kg6 Kd8 56. Kf6 Kd7 57. Ke5 Bh3 58. Bf8 Bg4 59. Bg7 Bh3 60. Kd4 Bg4 61. Be5 Bh3 62. Kc5 Bg4 63. Bc7 Bh3 64. Kd4 Bg4 65. Ke5 Bh3 66. Kf6 Bg4 67. Kg5 Ke7 68. Kg6 Kd7 69. Kf6 Bh3 70. Ke5 Bg4 71. d6 Bh3 72. Kf6 Bg4 73. Kg5 Ke6 74. Kg6 Kd7 75. Kg5 Ke6 76. Kg6 Kd7 77. Kg5 1/2-1/2


[Site "https://www.chess.com"]

[Event "Titled Tuesday Blitz May 9 Late 2023"]
[White "Chigaev, Maksim"]
[Black "Joubert, Dantelle"]
[WhiteFideId "4108116"]
[BlackFideId "14310813"]
[WhiteElo "2558"]
[BlackElo "1507"]
[Result "1-0"]
[Round "02"]
[TimeControl "180+2"]
[Date "2023.05.09"]
[WhiteClock "0:02:46"]
[BlackClock "0:01:13"]

1. Nf3 f5 2. d3 Nf6 3. e4 fxe4 4. dxe4 Nxe4 5. Bd3 Nf6 6. Ng5 e5 7. Bxh7 Bb4+ 8. c3 Bc5 9. Bg6+ Kf8 10. Nf7 Bxf2+ 11. Kxf2 Ne4+ 12. Bxe4 Kxf7 13. Qd5+ Kf8 14. Rf1 Qh4+ 15. Kg1+ Ke8 16. Qxe5+ Kd8 17. Bg5+ 1-0


[Site "https://www.chess.com"]

[Event "Titled Tuesday Blitz May 9 Late 2023"]
[White "Norowitz, Yaacov"]
[Black "Komov, Roman"]
[WhiteFideId "2024799"]
[BlackFideId "24175714"]
[WhiteElo "2401"]
[BlackElo "2189"]
[Result "0-1"]
[Round "02"]
[TimeControl "180+2"]
[Date "2023.05.09"]
[WhiteClock "0:00:11"]
[BlackClock "0:00:27"]

1. d4 Nf6 2. e3 d5 3. Bd3 b6 4. c3 Bb7 5. Nd2 Nbd7 6. f4 e6 7. Ngf3 Ne4 8. O-O f5 9. Ne5 Bd6 10. Bxe4 Bxe5 11. Bxf5 Bxd4 12. Qh5+ Kf8 13. exd4 exf5 14. Qxf5+ Nf6 15. Re1 Bc8 16. Qd3 g6 17. b3 Bf5 18. Ba3+ Kf7 19. Qg3 Ne4 20. Nxe4 Bxe4 21. Rxe4 dxe4 22. Re1 Re8 23. Bb2 c5 24. Qh3 Kg8 25. f5 Qd7 26. g4 gxf5 27. gxf5 cxd4 28. cxd4 Qd5 29. Re3 Kh8 30. Qh6 Rg8+ 31. Kh1 Raf8 32. Rg3 e3+ 33. Kg1 e2 34. Kf2 Qxf5+ 35. Kxe2 Qc2+ 36. Ke3 Re8+ 37. Kf4 Qe4# 0-1


[Site "https://www.chess.com"]

[Event "Titled Tuesday Blitz May 9 Late 2023"]
[White "Kujawski, Adam"]
[Black "Rodshtein, Maxim"]
[WhiteFideId "1100920"]
[BlackFideId "2806851"]
[WhiteElo "2054"]
[BlackElo "2555"]
[Result "0-1"]
[Round "02"]
[TimeControl "180+2"]
[Date "2023.05.09"]
[WhiteClock "0:00:00"]
[BlackClock "0:02:47"]

1. e4 g6 2. d4 Bg7 3. Nc3 d6 4. h3 a6 5. a4 b6 6. Nf3 Bb7 7. Bc4 e6 8. Ng5 Qe7 9. O-O h6 10. Nxf7 Qxf7 11. f4 d5 12. exd5 exd5 13. f5 dxc4 14. fxg6 Qxg6 15. Qe2+ Ne7 16. Bd2 Nc6 17. d5 Nd4 0-1


[Site "https://www.chess.com"]

[Event "Titled Tuesday Blitz May 9 Late 2023"]
[White "Sattarov, Bobir"]
[Black "Fernandez Siles, Luis"]
[WhiteFideId "14203081"]
[BlackFideId "2209420"]
[WhiteElo "2351"]
[BlackElo "2195"]
[Result "1-0"]
[Round "02"]
[TimeControl "180+2"]
[Date "2023.05.09"]
[WhiteClock "0:01:39"]
[BlackClock "0:00:00"]

1. e4 c5 2. Nf3 Nc6 3. d4 cxd4 4. Nxd4 Nf6 5. Nc3 e5 6. Nb3 Bb4 7. Bc4 O-O 8. Qd3 a6 9. O-O b5 10. Bd5 Bb7 11. Bg5 h6 12. Bh4 Qe7 13. Rad1 g5 14. Bg3 Nh5 15. Qf3 Nf4 16. Bxf4 exf4 17. Bxc6 dxc6 18. Nd4 Qf6 19. Nf5 Rfd8 20. g3 Bxc3 21. Qxc3 Qxc3 22. bxc3 Kh7 23. Nd6 Rd7 24. c4 c5 25. e5 Rad8 26. Rb1 b4 27. a3 a5 28. axb4 axb4 29. c3 Ba6 30. cxb4 cxb4 31. Rxb4 f6 32. Rb6 fxe5 33. Ne4 Bxc4 34. Nf6+ Kg7 35. Nxd7 Rxd7 36. Re1 Re7 37. gxf4 gxf4 38. f3 Bd5 39. Kf2 e4 40. fxe4 Rxe4 41. Rg1+ Kf7 42. Rxh6 f3 43. Re1 Rg4 44. Rh5 Rg2+ 45. Ke3 1-0


[Site "https://www.chess.com"]

[Event "Titled Tuesday Blitz May 9 Late 2023"]
[White "Fernandez Guillen, Ernesto J."]
[Black "KVAIDAN"]
[WhiteFideId "3512428"]
[WhiteElo "2429"]
[BlackElo "2383"]
[Result "1-0"]
[Round "02"]
[TimeControl "180+2"]
[Date "2023.05.09"]
[WhiteClock "0:00:50"]
[BlackClock "0:01:08"]

1. e4 e5 2. f4 d5 3. exd5 c6 4. d3 Nf6 5. Nf3 e4 6. dxe4 Nxe4 7. Bd3 cxd5 8. Qe2 Qe7 9. Be3 Nc6 10. Nbd2 Nxd2 11. Bxd2 Qxe2+ 12. Bxe2 Bc5 13. O-O-O O-O 14. a3 Bg4 15. h3 Bf5 16. Bc3 Be4 17. Bd3 Be3+ 18. Kb1 Bxf4 19. Rhf1 Bd6 20. Bxe4 dxe4 21. Rxd6 exf3 22. Rxf3 Rad8 23. Rg3 f6 24. Rgd3 Rxd6 25. Rxd6 Rd8 26. Rxd8+ Nxd8 27. Kc1 Kf7 28. Kd2 Ke6 29. Kd3 Kd5 30. Bd4 Nc6 31. c4+ Ke6 32. Bf2 a6 33. b4 Ke5 34. Bg3+ Kf5 35. Bc7 g5 36. b5 axb5 37. cxb5 Ne7 38. Kd4 Ke6 39. a4 Nd5 40. Bd8 Nf4 41. a5 Kd7 42. Bxf6 h6 43. Be5 Nxg2 44. Bg3 h5 45. Ke4 g4 46. hxg4 hxg4 47. Kd3 Kc8 48. Ke2 Nh4 49. Bxh4 Kb8 50. Bg3+ Ka7 51. Kd3 Ka8 52. Kc4 Ka7 53. Kd5 Ka8 54. Ke4 Ka7 55. Kf5 Ka8 56. Kxg4 Ka7 57. Kf5 Ka8 58. Ke6 Ka7 59. Kd7 Ka8 60. Kc8 Ka7 61. b6+ Ka6 62. Kc7 Kxa5 63. Kxb7 1-0


[Site "https://www.chess.com"]

[Event "Titled Tuesday Blitz May 9 Late 2023"]
[White "Qiao, Cindy"]
[Black "Santos Ruiz, Miguel"]
[WhiteFideId "2620243"]
[BlackFideId "22291482"]
[WhiteElo "1777"]
[BlackElo "2499"]
[Result "0-1"]
[Round "02"]
[TimeControl "180+2"]
[Date "2023.05.09"]
[WhiteClock "0:00:00"]
[BlackClock "0:00:20"]

1. d4 c6 2. Bf4 d6 3. e4 Nd7 4. Nf3 Ngf6 5. Nc3 g6 6. Qd2 Qa5 7. O-O-O Bg7 8. Kb1 O-O 9. Bh6 e5 10. h4 Bxh6 11. Qxh6 Ng4 12. Qd2 h5 13. Ng5 exd4 14. Qxd4 Qc5 15. Qxc5 Nxc5 16. Rd2 Rd8 17. f3 Ne5 18. Be2 Kf8 19. Rhd1 f6 20. f4 Ng4 21. Nf3 Ke7 22. e5 fxe5 23. fxe5 d5 24. Ng5 Nxe5 25. Nce4 Nxe4 26. Nxe4 Bf5 27. Ng3 Bg4 28. Bxg4 Nxg4 29. Re1+ Kd7 30. Rde2 Re8 31. b3 Rxe2 32. Rxe2 Re8 33. Rd2 Re3 34. Ne2 Nf6 35. Nf4 Ne4 0-1


[Site "https://www.chess.com"]

[Event "Titled Tuesday Blitz May 9 Late 2023"]
[White "Pasti, Aron"]
[Black "Vakhlamov, Igor L."]
[WhiteFideId "785857"]
[BlackFideId "24126748"]
[WhiteElo "2173"]
[BlackElo "2407"]
[Result "0-1"]
[Round "02"]
[TimeControl "180+2"]
[Date "2023.05.09"]
[WhiteClock "0:00:00"]
[BlackClock "0:00:10"]

1. e4 c5 2. Nf3 e6 3. d4 cxd4 4. Nxd4 Nf6 5. Nc3 Nc6 6. a3 d5 7. Nxc6 bxc6 8. e5 Nd7 9. Bf4 Qc7 10. Qg4 h5 11. Qg3 h4 12. Qg5 g6 13. Bd3 Be7 14. Qg4 Nxe5 15. Bxe5 Qxe5+ 16. Ne2 Qxb2 17. O-O Qf6 18. Qa4 e5 19. c4 O-O 20. cxd5 cxd5 21. Nc3 Be6 22. Qa5 e4 23. Ba6 Bd8 24. Qb4 h3 25. Rfd1 Bb6 26. Ra2 Rad8 27. Bb7 Qg5 28. g3 Qf5 29. Qb5 e3 30. Nxd5 exf2+ 31. Kf1 Bxd5 32. Bxd5 Rde8 33. Re2 Rxe2 34. Qxe2 Kg7 35. Qb2+ Qf6 36. Qxf6+ Kxf6 37. Bf3 Re8 38. Bg4 Re3 39. a4 Ra3 40. Bd7 Ke5 41. Bxh3 Rxa4 42. Bd7 Ra2 43. Be8 Kf6 44. Kg2 Ke7 45. Bb5 f5 46. Rd7+ Ke6 47. Rg7 Kf6 48. Rd7 Rb2 49. Bf1 g5 50. Rd5 a5 51. Bd3 f4 52. gxf4 g4 53. Rf5+ Ke6 54. Rg5 Rd2 55. Bc4+ Kf6 56. Rxg4 a4 57. Bf1 a3 58. f5 a2 59. Ra4 Bd4 60. Ra6+ Kxf5 61. Rxa2 Rxa2 0-1


[Site "https://www.chess.com"]

[Event "Titled Tuesday Blitz May 9 Late 2023"]
[White "Figorito, Nick"]
[Black "Radzhabov, Rodion"]
[WhiteFideId "30923689"]
[BlackFideId "884715"]
[WhiteElo "2372"]
[BlackElo "2215"]
[Result "0-1"]
[Round "02"]
[TimeControl "180+2"]
[Date "2023.05.09"]
[WhiteClock "0:00:07"]
[BlackClock "0:00:29"]

1. Nf3 Nf6 2. g3 d5 3. Bg2 c6 4. O-O Bg4 5. d4 Nbd7 6. Nbd2 e6 7. b3 Be7 8. Bb2 O-O 9. h3 Bxf3 10. Nxf3 a5 11. a3 Qb6 12. a4 c5 13. dxc5 Nxc5 14. Bd4 Qa6 15. Re1 Nce4 16. e3 Bb4 17. Bf1 Qd6 18. Re2 Nc3 19. Bxc3 Bxc3 20. Rb1 Rac8 21. Nd4 Ne4 22. Nb5 Qe5 23. Bg2 Nf6 24. Nxc3 Rxc3 25. Qd4 Qxd4 26. exd4 Rfc8 27. Rb2 Nd7 28. b4 axb4 29. Rxb4 b6 30. Rb2 R3c4 31. Ra2 Rxd4 32. a5 bxa5 33. Rxa5 h5 34. Ra2 Nb6 35. h4 Nc4 36. Bf3 g6 37. Kg2 Nd2 38. Re3 Nc4 39. Rd3 Rxd3 40. cxd3 Ne5 41. Be2 Rc3 42. Rd2 Nc6 43. f4 Nd4 44. Bf1 Rc1 45. Kf2 Kg7 46. Ra2 Kf6 47. Ra7 Rd1 48. Ra2 Rc1 49. Rb2 Rc2+ 50. Rxc2 Nxc2 51. Kf3 Ke7 52. Ke2 Kd6 53. Kd2 Nd4 54. Ke3 Nf5+ 55. Kf3 Kc5 56. Bh3 Kd4 57. Bf1 Kc3 58. Be2 Nd4+ 59. Ke3 Nxe2 60. Kxe2 d4 0-1


[Site "https://www.chess.com"]

[Event "Titled Tuesday Blitz May 9 Late 2023"]
[White "Goltsev, Dmitry"]
[Black "Arnold, Ken"]
[WhiteFideId "24176710"]
[BlackFideId "2056836"]
[WhiteElo "2356"]
[BlackElo "2370"]
[Result "1-0"]
[Round "02"]
[TimeControl "180+2"]
[Date "2023.05.09"]
[WhiteClock "0:00:57"]
[BlackClock "0:00:10"]

1. e4 c6 2. d4 d5 3. Nc3 dxe4 4. Nxe4 Nd7 5. Qe2 Ndf6 6. Nf3 Nxe4 7. Qxe4 Nf6 8. Qd3 g6 9. Bg5 Bg7 10. Be2 Bf5 11. Qb3 Qb6 12. O-O-O Qxb3 13. axb3 a5 14. Ne5 O-O 15. f3 h6 16. Bh4 g5 17. Bf2 Nd5 18. Rhe1 Bxe5 19. dxe5 Nb4 20. c3 Nd5 21. g3 e6 22. Bc5 Rfd8 23. Rd4 b6 24. Bd6 c5 25. Ra4 f6 26. h4 fxe5 27. Bxe5 gxh4 28. Rxh4 Kf7 29. Rxh6 a4 30. g4 Bg6 31. bxa4 Rxa4 32. Rxg6 Kxg6 33. Bd3+ Kf7 34. Kc2 Raa8 35. g5 Ne7 36. Rh1 Nf5 37. Rh7+ Kg6 38. Rg7+ Kh5 39. Bxf5 exf5 40. f4 Kg4 41. Rb7 Ra6 42. Kb3 Rd2 43. g6 Kf3 44. g7 Rg2 45. Rb8 b5 46. g8=Q Rxg8 47. Rxg8 1-0


[Site "https://www.chess.com"]